 Seeded DCSS version 0.31-a0-237-g2d982f9f85 (webtiles) character file.

Game seed: 17534068631569876614 (custom seed)

16 innerfire43 the Trooper (level 2, 0/24 HPs)
             Began as a Demonspawn Monk on July 11, 2023.
             Slain by a quokka (4 damage)
             ... on level 1 of the Dungeon.
             The game lasted 00:00:35 (276 turns).

innerfire43 the Trooper (Demonspawn Monk)            Turns: 276, Time: 00:00:35

Health: 0/24       AC:  2    Str: 11    XL:     2   Next: 37%
Magic:  2/2        EV: 13    Int: 11    God:
Gold:   10         SH:  0    Dex: 15    Spells: 1/1 levels left

rFire   . . .        a - +0 mace
rCold   . . .        (no shield)
rNeg    . . .        b - +0 robe
rPois   .            (no helmet)
rElec   .            (no cloak)
rCorr   .            (no gloves)
SInv    .            (no boots)
Will    .....        (no amulet)
Stlth   +            (no ring)
HPRegen 0.24/turn    (no ring)
MPRegen 0.08/turn

%: no passive effects
@: no status effects
A: demonic magic 1
a: no special abilities


You were on level 1 of the Dungeon.
You visited 1 branch of the dungeon, and saw 1 of its levels.

You collected 10 gold pieces.

Inventory:

Hand Weapons
 a - a +0 mace (weapon)
Armour
 b - a +0 robe (worn)
 d - an orb of light
 j - a +0 tower shield
Jewellery
 f - a ring of see invisible
Scrolls
 e - a scroll of amnesia {unknown}
 g - a scroll of identify {unknown}
 h - 2 scrolls of immolation {unknown}
Potions
 c - a potion of ambrosia
 i - a potion of haste {unknown}


   Skills:
 + Level 3.1 Fighting
 * Level 3.0 Maces & Flails
 * Level 1.0 Armour
 + Level 2.8 Dodging


You had one spell level left.
You didn't know any spells.
Your spell library was empty.

Dungeon Overview and Level Annotations

Branches:
Dungeon (1/15)

Altars:


Innate Abilities, Weirdness & Mutations

Spells you cast may paralyse adjacent enemies.


Message History

A bat comes into view.
The bat misses you.
You hit the bat but do no damage. The bat hits you but does no damage.
The bat completely misses you.
You hit the bat.
You kill the bat!
Your Armour skill increases to level 1!
The hobgoblin attacks as you move away! The hobgoblin misses you.
The hobgoblin attacks as you move away! The hobgoblin barely misses you.
The hobgoblin attacks as you move away! The hobgoblin barely misses you.
You see here a +0 tower shield.
j - a +0 tower shield The hobgoblin hits you.
The quokka misses you. The hobgoblin misses you.
You start removing your armour.
You continue taking off your orb of light.
The quokka barely misses you. The hobgoblin hits you.
Keep disrobing?
You continue taking off your orb of light.
The quokka misses you. The hobgoblin closely misses you.
You continue taking off your orb of light.
The quokka bites you. The hobgoblin barely misses you.
You continue taking off your orb of light.
The quokka closely misses you. x2; The hobgoblin barely misses you.
You finish taking off your orb of light.
The quokka closely misses you. The hobgoblin hits you.
Keep equipping yourself?
You start putting on your armour.
You continue putting on your +0 tower shield.
The quokka misses you. The hobgoblin hits you.
You continue putting on your +0 tower shield.
The quokka bites you. The hobgoblin hits you.
You continue putting on your +0 tower shield.
The quokka misses you. The hobgoblin hits you.
* * * LOW HITPOINT WARNING * * *
You continue putting on your +0 tower shield.
The quokka bites you.
* * * LOW HITPOINT WARNING * * *
The quokka bites you.
You die...

## # ........## #
............ #. #.#..#..#..#.
###. #...#..#..#..
....##..#..#..#..#..
#....#..#..#..#..#
#...r..#..#..#..#.
#..@g#............#
#...........>...... #+###+#
#....##.......#...# # #.....#
..............##...# #
#.....#
#...............#....# +
#.<>..# +.########.........#
###.....#+##
######.........## #.'.....#.#
##..............#
#.#######.###..########....##


You could see a quokka and a hobgoblin.

Vanquished Creatures
  An endoplasm (D:1)
  A giant cockroach (D:1)
  2 goblins (D:1)
  2 hobgoblins (D:1)
  3 kobolds (D:1)
  A quokka (D:1)
  A bat (D:1)
  2 frilled lizards (D:1)
  A rat (D:1)
14 creatures vanquished.

Notes
Turn   | Place    | Note
-------+----------+-------------------------------------------
     0 | D:1      | innerfire43 the Demonspawn Monk began the quest for the
                  | Orb.
     0 | D:1      | Reached XP level 1. HP: 18/18 MP: 1/1
    51 | D:1      | Gained mutation: Spells you cast may paralyse adjacent
                  | enemies. [demonic ancestry]
    51 | D:1      | Reached XP level 2. HP: 15/24 MP: 2/2
   261 | D:1      | Reached skill level 1 in Armour
   276 | D:1      | Slain by a quokka

Illustrated notes

Levels and vault maps discovered:
D:1:      shiori_arrival_maze, layout_rooms, minmay_misc_feat_diagonals,
          minmay_crystal_room

Skill      XL: |  1  2 |
---------------+-------+-----
Maces & Flails | 3 |  3.0
Armour         | 1 |  1.0
Fighting       | |  3.1
Dodging        | |  2.8

Action                     || total
---------------------------++-------
  Melee: Mace              ||    32
 Armour: Robe              ||     5
  Dodge: Dodged            ||    38

Table legend: (Time is in decaauts)
 A = Elapsed time spent in this place.
 B = Non-inter-level travel time spent in this place.
 C = Inter-level travel time spent in this place.
 D = Time resting spent in this place.
 E = Time spent auto-exploring this place.
 F = Levels seen in this place.
 G = Mean time per level.
                   A        B        C        D        E       F      G
               +--------+--------+--------+--------+--------+-----+--------+
         Total |    284 |    263 |     21 |      0 |    160 |   1 |  284.0 |
       Dungeon |    284 |    263 |     21 |      0 |    160 |   1 |  284.0 |
               +--------+--------+--------+--------+--------+-----+--------+

Top non-repeatable levels by time:
     D:1: 284 daAuts
